[Event "*** Titled Tuesday Blitz"]
[Site "Chess.com"]
[Date "2020.11.03"]
[Round "7"]
[White "WiktoriaPOL"]
[Black "VladaSviridova"]
[Result "1/2-1/2"]
[WhiteElo "2094"]
[BlackElo "2277"]
[TimeControl "180+1"]
[EndTime "11:20:27 PST"]
[Termination "Game drawn by repetition"]

1. c4 c6 2. Nf3 d5 3. Nc3 Nf6 4. cxd5 cxd5 5. d4 Nc6 6. Bf4 a6 7. e3 Bf5 8. Bd3 Bxd3 9. Qxd3 e6 10. O-O Be7 11. a3 O-O 12. Rac1 Nh5 13. Bg3 Nxg3 14.
hxg3 Rc8 15. Ne2 Qb6 16. b4 Na7 17. Nc3 Rc4 18. Ne5 Rcc8 19. Nd7 Qd6 20. Nxf8 Bxf8 21. Na4 Rc6 22. Rxc6 Qxc6 23. Nc5 Nb5 24. Rc1 Nd6 25. Rc2 Nc4 26. e4 Qb5 27. exd5 exd5 28. Qc3 b6 29. a4 Qe8 30. Nxa6 Qxa4 31. b5 g6 32. Nc7 Bb4 33. Qd3 Qa1+ 34. Kh2 Bd6 35.
Nxd5 Na3 36. Re2 Qc1 37. Nf6+ Kf8 38. Nd7+ Kg7 39. Nxb6 Qh6+ 40. Kg1 Qc1+ 41. Kh2 Qh6+ 42. Kg1 Qc1+ 43. Kh2 1/2-1/2

[Event "*** Titled Tuesday Blitz"]
[Site "Chess.com"]
[Date "2020.11.03"]
[Round "7"]
[White "Sibelephant"]
[Black "Onischuk_V"]
[Result "1/2-1/2"]
[WhiteElo "3088"]
[BlackElo "2864"]
[TimeControl "180+1"]
[EndTime "11:20:29 PST"]
[Termination "Game drawn by agreement"]

1. d4 d6 2. Nf3 g6 3. e4 Bg7 4.
Nc3 Nf6 5. Be3 c6 6. a4 Nbd7 7. h3 Qa5 8. Nd2 O-O 9. Be2 Re8 10. O-O Qc7 11. a5 e5 12. dxe5 Nxe5 13. Re1 Be6 14.
Bf1 b5 15. axb6 axb6 16. Rxa8 Rxa8 17. f4 Ned7 18. Nf3 Nc5 19. Bd4 Na4 20. Nxa4 Rxa4 21. b3 Ra8 22. Ng5 Re8 23. e5 dxe5 24. Bxe5 Qd7 25.
Qxd7 Bxd7 26. Rd1 Bf5 27. Bc4 Nd5 28. Bxd5 cxd5 29. Bxg7 Kxg7 30. Rxd5 Bxc2 31. Rd6 Bxb3 32. Rxb6 Bd5 33. Rd6 Bc4 34. Rd4 Be6 35. Nxe6+ Rxe6 36. Kf2 1/2-1/2

[Event "*** Titled Tuesday Blitz"]
[Site "Chess.com"]
[Date "2020.11.03"]
[Round "7"]
[White "chessdjw"]
[Black "Sokoloco"]
[Result "1-0"]
[WhiteElo "2665"]
[BlackElo "2444"]
[TimeControl "180+1"]
[EndTime "11:20:29 PST"]
[Termination "chessdjw won by resignation"]

1. d4 d6 2. e4 g6 3. Nc3 Bg7 4. Be3 a6 5. Qd2 b5 6. O-O-O Bb7 7. f3 Nd7 8. h4 h5 9. Nh3 Ngf6 10. Kb1 c5 11. dxc5 dxc5 12. Ng5 O-O 13. g4 hxg4 14. h5 gxh5 15. fxg4 Nxg4 16. Rxh5 Ndf6 17. Qe2 Qc7 18. Rh3 b4 19. Nd5 Nxd5 20. exd5 Qe5 21. Bc1 Qxe2 22. Bxe2 Nf2 23. Rg1 Nxh3 24. Nxh3 Kh8 25. Bc4 Rg8 26. Ng5 Bf6 27. Nxf7+ Kh7 28. Bd3+ 1-0

[Event "*** Titled Tuesday Blitz"]
[Site "Chess.com"]
[Date "2020.11.03"]
[Round "7"]
[White "Javylavilla"]
[Black "grandcoach"]
[Result "1-0"]
[WhiteElo "2238"]
[BlackElo "2084"]
[TimeControl "180+1"]
[EndTime "11:20:29 PST"]
[Termination "Javylavilla won on time"]

1. e4 c5 2. Nf3 Nc6 3. d4 cxd4 4. Nxd4 e5 5. Nb5 d6 6. N1c3 a6 7. Na3 b5 8. Nd5 Nge7 9. c4 Nxd5 10. Qxd5 Bb7 11.
cxb5 Na5 12. Qd1 Bxe4 13. bxa6 Be7 14. Bb5+ Bc6 15. Qa4 Qb6 16. Be3 Qc7 17. Rc1 O-O 18. Bxc6 Nxc6 19. Rxc6 Qd7 20. Qc4 d5 21. Qc2 Bb4+ 22.
Bd2 Bxd2+ 23. Kxd2 Rfc8 24. Rc1 Re8 25. Rc7 Qg4 26. Qd3 Qxg2 27. Qg3 Qe4 28. Rg1 g6 29. Nc2 d4 30. Re1 Qd5 31. Qb3 Qa5+ 32. Kc1 Qxc7 33.
Kb1 Rxa6 34. Qb5 Raa8 35. Nxd4 exd4 36. Rxe8+ Rxe8 37. Qxe8+ Kg7 38. Qe4 Qd6 39. Kc2 d3+ 40.
Qxd3 Qxh2 41. Qd4+ f6 42. a4 g5 43. a5 Qc7+ 44. Qc3 Qa7 45. Qd2 1-0

[Event "*** Titled Tuesday Blitz"]
[Site "Chess.com"]
[Date "2020.11.03"]
[Round "7"]
[White "fyall777"]
[Black "anon102030"]
[Result "0-1"]
[WhiteElo "2443"]
[BlackElo "2663"]
[TimeControl "180+1"]
[EndTime "11:20:30 PST"]
[Termination "anon102030 won on time"]

1. d4 Nf6 2. Nc3 d5 3. Bg5 e6 4.
f3 Be7 5. e4 Nxe4 6. Bxe7 Nxc3 7.
Bxd8 Nxd1 8. Bxc7 Nxb2 9. Rb1 Nc4 10. Bxc4 dxc4 11. Rb4 Na6 12. Rxc4 b5 13. Rc3 b4 14.
Rc4 Bb7 15. Bd6 Bd5 16. Rxb4 Nxb4 17. Bxb4 a5 18. Bc5 Bxa2 19. Ne2 Bc4 20. Nc3 Kd7 21. Kd2 Rhb8 22. Ra1 Bb5 23. Ne4 Bc6 24. Nd6 f6 25.
Nc4 Ra6 26. Nxa5 Rb5 27. Nb3 Rxa1 28. Nxa1 Rb1 29. Nb3 Rg1 30. c4 Rxg2+ 31. Ke3 Rxh2 32. Bf8 Rh3 33. Nc5+ Ke8 0-1

[Event "*** Titled Tuesday Blitz"]
[Site "Chess.com"]
[Date "2020.11.03"]
[Round "7"]
[White "Kolle05"]
[Black "AntonovaNadezhda"]
[Result "1-0"]
[WhiteElo "2355"]
[BlackElo "2122"]
[TimeControl "180+1"]
[EndTime "11:20:31 PST"]
[Termination "Kolle05 won by resignation"]

1. e4 c5 2. Nf3 d6 3. Bb5+ Nd7 4. O-O Nf6 5. Re1 a6 6. Bf1 Qc7 7. c3 g6 8. d4 Bg7 9. h3 O-O 10. e5 Nd5 11. c4 N5b6 12. exd6 exd6 13. d5 Ne5 14. Nxe5 Bxe5 15. Nc3 Bf5 16. Bh6 Rfe8 17.
g4 Bd7 18. Qf3 f5 19. Bd3 fxg4 20. hxg4 Na4 21. Ne4 Nxb2 22. Nf6+ Bxf6 23. Qxf6 Bxg4 24. Bxg6 Rxe1+ 25. Rxe1 hxg6 26. Qxg6+ Kh8 27. Qf6+ Kg8 28.
Re7 Qxe7 29. Qxe7 1-0

[Event "*** Titled Tuesday Blitz"]
[Site "Chess.com"]
[Date "2020.11.03"]
[Round "7"]
[White "rasmussvane"]
[Black "suyu28"]
[Result "1-0"]
[WhiteElo "2932"]
[BlackElo "2648"]
[TimeControl "180+1"]
[EndTime "11:20:32 PST"]
[Termination "rasmussvane won by resignation"]

1. Nf3 d5 2. g3 g6 3. Bg2 Bg7 4. d4 Nf6 5. O-O O-O 6. c4 dxc4 7. Na3 c3 8. bxc3 c5 9. Bb2 Nc6 10. Re1 Bf5 11. d5 Na5 12. c4 Be4 13. Nd2 Bxg2 14.
Kxg2 Rb8 15. e4 a6 16. Rb1 Nd7 17. Bxg7 Kxg7 18. e5 b5 19. cxb5 Nb6 20. d6 exd6 21.
bxa6 d5 22. Qc2 Rc8 23. Qc3 Nac4 24. Naxc4 dxc4 25. e6+ Qd4 26. Qxd4+ cxd4 27. Rxb6 c3 28. Nb3 d3 29. Rb7 c2 30. a7 Rfe8 31. Rxf7+ Kg8 32. Rd7 Rcd8 33. Rxd8 Rxd8 34. e7 Re8 35.
a8=Q Rxa8 36. e8=Q+ Rxe8 37. Rxe8+ Kf7 38. Rd8 Ke7 39.
Rxd3 1-0

[Event "*** Titled Tuesday Blitz"]
[Site "Chess.com"]
[Date "2020.11.03"]
[Round "7"]
[White "TrickyFortem"]
[Black "lider34"]
[Result "1/2-1/2"]
[WhiteElo "2544"]
[BlackElo "2405"]
[TimeControl "180+1"]
[EndTime "11:20:33 PST"]
[Termination "Game drawn by repetition"]

1. e4 c6 2. d4 d5 3. Nc3 dxe4 4. Nxe4 Nf6 5. Nxf6+ exf6 6. c3 Bd6 7. Bd3 O-O 8. Qc2 Re8+ 9. Ne2 h5 10. Be3 Nd7 11.
O-O-O Nf8 12. Kb1 Be6 13. Nf4 Bxf4 14. Bxf4 b5 15. Be4 Bd5 16. f3 a5 17. Rhe1 a4 18.
Bf5 Be6 19. Be4 Bd5 20. Bd3 Be6 21. a3 Qd5 22. Kc1 Qa2 23. Qb1 Qd5 24. Rd2 Qd7 25. Rde2 Rad8 26. Re3 h4 27. h3 Bd5 28. Rxe8 Rxe8 29. Rxe8 Qxe8 30. Kd2 Ng6 31. Bh2 Qe6 32. Qe1 Qxe1+ 33. Kxe1 Kf8 34. Bg1 Nf4 35. Bf1 g5 36. Be3 Ke7 37. Bxf4 gxf4 38. Kd2 Bc4 39. Bd3 Kd6 40.
Bf5 Bf1 41. Ke1 Bc4 42. Be4 Bd5 43. Bd3 Bc4 44. Kd2 Bd5 45. Be2 Be6 46. c4 Bxc4 47.
Bd3 Bxd3 48. Kxd3 Kd5 49. Kc3 c5 50. dxc5 Kxc5 51. Kd3 f5 52. Kc3 f6 53. Kd3 b4 54.
axb4+ Kxb4 55. Kd2 Kb3 56. Kc1 a3 57. bxa3 Kxa3 58. Kc2 Kb4 59. Kd3 Kc5 60. Kc3 Kd5 61. Kd3 Kc5 62. Kc3 Kd5 63. Kd3 Kc5 1/2-1/2

[Event "*** Titled Tuesday Blitz"]
[Site "Chess.com"]
[Date "2020.11.03"]
[Round "7"]
[White "GameOverBro"]
[Black "crazy_but_lazy"]
[Result "0-1"]
[WhiteElo "2519"]
[BlackElo "2465"]
[TimeControl "180+1"]
[EndTime "11:20:33 PST"]
[Termination "crazy_but_lazy won by resignation"]

1. e4 c6 2. Nc3 d5 3. Nf3 Bg4 4. h3 Bxf3 5. Qxf3 e6 6. a3 Nd7 7. d3 g6 8. Qg3 Bg7 9. Be2 Ne7 10. O-O O-O 11. f4 f5 12. h4 Qb6+ 13. Kh1 h5 14.
Nd1 Kh7 15. Nf2 Nf6 16. Nh3 c5 17. Bf3 Ng4 18. b4 Bxa1 19. e5 cxb4 20. axb4 Bd4 21.
Ng5+ Kh6 22. Bd2 Bf2 23. Qh3 Rac8 24. c3 Rc6 25. d4 Be3 26. Bxe3 Nxe3 27. Rc1 Ng4 28.
Bxg4 fxg4 29. Qe3 Nf5 30. Qd3 Qxd4 31. Qf1 Ng3+ 0-1

[Event "*** Titled Tuesday Blitz"]
[Site "Chess.com"]
[Date "2020.11.03"]
[Round "7"]
[White "Manukyan_Artak"]
[Black "Jenia84"]
[Result "0-1"]
[WhiteElo "2418"]
[BlackElo "2318"]
[TimeControl "180+1"]
[EndTime "11:20:33 PST"]
[Termination "Jenia84 won on time"]

1. e4 e5 2. Nf3 Nc6 3. d4 exd4 4. Nxd4 Nf6 5. Nxc6 bxc6 6. e5 Qe7 7. Qe2 Nd5 8. c4 Nb6 9. b3 d6 10. exd6 Qxe2+ 11. Bxe2 cxd6 12. O-O Be7 13. Bb2 O-O 14. Nd2 Be6 15. Bf3 d5 16. Rac1 Rfc8 17. Bd4 Kf8 18. Rfd1 g6 19. Rc2 Bf5 20. Rc3 Bb4 21. Re3 Bc2 22. Rc1 Bxd2 23. Rxc2 Bxe3 24. fxe3 dxc4 25. bxc4 Rab8 26. Be5 Rb7 27. Bd6+ Kg8 28. c5 Nd7 29. e4 Re8 30. Re2 Ne5 31. Kf2 f6 32. g4 Kf7 33.
h4 Nxf3 34. Kxf3 Rb4 35. Kf4 h6 36. g5 hxg5+ 37. hxg5 f5 0-1

[Event "*** Titled Tuesday Blitz"]
[Site "Chess.com"]
[Date "2020.11.03"]
[Round "7"]
[White "lelya96"]
[Black "Agoking701"]
[Result "0-1"]
[WhiteElo "2206"]
[BlackElo "2363"]
[TimeControl "180+1"]
[EndTime "11:20:33 PST"]
[Termination "Agoking701 won by checkmate"]

1. e4 e6 2. d4 d5 3. Nc3 Nf6 4. Bg5 Be7 5. e5 Nfd7 6. Bxe7 Qxe7 7. f4 c5 8. Nf3 Nc6 9. dxc5 Nxc5 10. Bd3 a6 11. O-O b5 12. a3 Bb7 13. Qe2 Rc8 14. Kh1 g6 15. Rae1 b4 16. axb4 Nxb4 17. Nd4 O-O 18. Rf3 Ne4 19. Nxe4 dxe4 20. Bxe4 Bxe4 21. Qxe4 Rfd8 22. c3 Nd5 23. Rh3 Qb7 24. Re2 Rb8 25. f5 exf5 26. Nxf5 Nxc3 27. Nh6+ Kg7 28. Rxc3 Qxe4 29.
Rce3 Rd1+ 30. Re1 Rxe1+ 31. Rxe1 Qxe1# 0-1

[Event "*** Titled Tuesday Blitz"]
[Site "Chess.com"]
[Date "2020.11.03"]
[Round "7"]
[White "Chuchofrio1"]
[Black "pfalcon1949"]
[Result "1-0"]
[WhiteElo "2343"]
[BlackElo "1981"]
[TimeControl "180+1"]
[EndTime "11:20:33 PST"]
[Termination "Chuchofrio1 won on time"]

1. e4 c6 2. d4 d5 3. exd5 cxd5 4. Bd3 Nc6 5. c3 Nf6 6. Bf4 Bg4 7. Qb3 Qd7 8. Nd2 e6 9. Ngf3 Bd6 10. Bxd6 Qxd6 11.
Qxb7 O-O 12. O-O Rab8 13. Qa6 Rxb2 14. Bb5 Rxd2 15. Nxd2 Qf4 16. Qxc6 Qxd2 17. f3 Bf5 18. Rfd1 Qe3+ 19. Kh1 h5 20. c4 h4 21. cxd5 Nxd5 22.
Qc1 h3 23. Qxe3 hxg2+ 24. Kg1 Nxe3 25. Rdc1 Rb8 26. a4 a6 27. Bxa6 Rb2 28. Re1 Nd5 29.
Re2 Rb3 30. Rxg2 Rxf3 31. Bc4 Ne3 32. Rf2 Rh3 33. Bf1 Rh4 34. a5 Be4 35. h3 Rh5 36. a6 Rg5+ 37. Kh2 1-0

[Event "*** Titled Tuesday Blitz"]
[Site "Chess.com"]
[Date "2020.11.03"]
[Round "7"]
[White "PattyCastillo"]
[Black "Forantes"]
[Result "0-1"]
[WhiteElo "1938"]
[BlackElo "2384"]
[TimeControl "180+1"]
[EndTime "11:20:33 PST"]
[Termination "Forantes won on time"]

1. d4 Nf6 2. Nf3 g6 3. Nc3 d5 4.
Bf4 Bg7 5. e3 O-O 6. Be2 c5 7. Ne5 Nc6 8. O-O cxd4 9. exd4 Nd7 10.
Nf3 Nb6 11. b3 Bg4 12. Rc1 e6 13. Ne5 Bxe2 14. Nxe2 Nd7 15. Nxd7 Qxd7 16. c3 Rfc8 17. Qd2 b5 18. Rc2 a5 19. Rfc1 b4 20. c4 dxc4 21. Rxc4 Ne7 22. Qd3 Nd5 23. Bg3 Bh6 24. R1c2 Nb6 25.
Rc7 Rxc7 26. Rxc7 Qd5 27. Qc2 a4 28. bxa4 Rxa4 29. Rc8+ Nxc8 30. Qxa4 Bf8 31. h4 Nb6 32. Qa7 Nc4 33. Nf4 Qe4 34. d5 exd5 35. h5 Nd2 36.
hxg6 hxg6 37. Qd7 d4 38. Nd5 Qb1+ 39. Kh2 Nf1+ 40. Kh3 Qf5+ 0-1

[Event "*** Titled Tuesday Blitz"]
[Site "Chess.com"]
[Date "2020.11.03"]
[Round "7"]
[White "MomchilPetkov"]
[Black "LiemLe"]
[Result "0-1"]
[WhiteElo "2653"]
[BlackElo "2990"]
[TimeControl "180+1"]
[EndTime "11:20:35 PST"]
[Termination "LiemLe won by resignation"]

1. d4 Nf6 2. Bf4 d5 3. e3 c5 4. c3 Qb6 5. Qb3 Nc6 6. Nd2 c4 7. Qc2 Nh5 8. Bg3 g6 9. e4 e6 10.
Be2 Nxg3 11. hxg3 Bg7 12. Ngf3 O-O 13. O-O Qc7 14. Rfe1 b5 15. Nf1 dxe4 16. Qxe4 Bb7 17. Qh4 Ne7 18. Ne3 Nf5 19. Nxf5 exf5 20. a4 a6 21. Nd2 Rae8 22. axb5 axb5 23. Bf3 Qb6 24. Qf4 h5 25. Nf1 Bxf3 26. gxf3 Kh7 27. Kg2 Bh6 28.
Qh4 b4 29. Re7 g5 30. Qxh5 Rxe7 31. Ne3 Qg6 32. Qh3 g4 33. fxg4 Rxe3 34. gxf5 Qc6+ 35. Kg1 Re2 36. d5 Qxd5 37. Qg4 Rxb2 38. Rd1 Rd2 39. Re1 Rg8 40. Qh4 bxc3 41. Kf1 c2 42. Qh5 0-1

[Event "*** Titled Tuesday Blitz"]
[Site "Chess.com"]
[Date "2020.11.03"]
[Round "7"]
[White "WildTricks"]
[Black "DryCounty"]
[Result "1/2-1/2"]
[WhiteElo "2408"]
[BlackElo "2561"]
[TimeControl "180+1"]
[EndTime "11:20:35 PST"]
[Termination "Game drawn by repetition"]

1. Nf3 Nf6 2. g3 g6 3. b3 Bg7 4. Bb2 O-O 5. Bg2 d6 6. d4 a5 7.
a4 Nc6 8. O-O Bf5 9. Re1 d5 10.
Ne5 Nxe5 11. dxe5 Ne4 12. Nd2 Nxd2 13. Qxd2 c6 14. Rad1 Qc7 15. f4 Rfe8 16. h3 f6 17.
e4 dxe4 18. g4 Be6 19. Rxe4 Bd5 20. Re3 Bxg2 21. Qxg2 Rad8 22. Rde1 fxe5 23. Bxe5 Bxe5 24. Rxe5 Rd4 25. Qf2 Qd6 26. Rxe7 Rxe7 27. Rxe7 Rxf4 28. Qe3 Qd1+ 29. Kg2 Qxc2+ 30. Kg3 Rf7 31. Re8+ Kg7 32. Qe5+ Kh6 33. Qe3+ Kg7 34. Qe5+ Kh6 35. Qe3+ Kg7 1/2-1/2

[Event "*** Titled Tuesday Blitz"]
[Site "Chess.com"]
[Date "2020.11.03"]
[Round "7"]
[White "Qvalda"]
[Black "marabu44"]
[Result "1-0"]
[WhiteElo "2398"]
[BlackElo "2250"]
[TimeControl "180+1"]
[EndTime "11:20:37 PST"]
[Termination "Qvalda won on time"]

1. e4 e5 2. Nf3 Nc6 3. Nc3 Nf6 4. d4 exd4 5. Nxd4 Bb4 6. Nxc6 bxc6 7. Bd3 d5 8. exd5 cxd5 9. O-O O-O 10. Bg5 c6 11.
Na4 Be7 12. b3 Bg4 13. Qd2 Ne4 14. Bxe7 Nxd2 15. Bxd8 Nxf1 16. Bg5 h6 17. Bc1 Nxh2 18. Kxh2 Rfe8 19. Be3 Bh5 20. c4 Bg6 21. Bxg6 fxg6 22.
cxd5 cxd5 23. Rd1 Red8 24. Nc3 d4 25. Rxd4 Rdc8 26. Nd5 Rc2 27. Ra4 Rd8 28. Ne7+ Kh7 29.
Rxa7 Rd1 30. b4 Rb2 31. Bc5 h5 32. a4 h4 33. Kh3 g5 34. Kg4 Rc2 35. Nf5 Rg1 36.
Rxg7+ Kh8 37. Rxg5 Rxg2+ 38. Kxh4 Rc4+ 39. Kh5 Rxf2 40. Bd4+ Kh7 41. Rg7+ Kh8 42. Rg2+ Rxd4 43. Rxf2 1-0

[Event "*** Titled Tuesday Blitz"]
[Site "Chess.com"]
[Date "2020.11.03"]
[Round "7"]
[White "lamomiablanca"]
[Black "Dinamo3"]
[Result "1-0"]
[WhiteElo "2299"]
[BlackElo "2407"]
[TimeControl "180+1"]
[EndTime "11:20:38 PST"]
[Termination "lamomiablanca won on time"]

1. e4 c6 2. d4 d5 3. Nc3 dxe4 4. Nxe4 Bf5 5. Ng3 Bg6 6. Nf3 Nd7 7. Bd3 Ngf6 8. O-O e6 9. Re1 Be7 10. c4 Qc7 11. Bxg6 hxg6 12. Qe2 O-O-O 13. Bd2 Bd6 14. b4 Kb8 15. a4 Ng4 16. c5 Bf4 17. b5 Bxd2 18.
Qxd2 e5 19. Qg5 f5 20. Qxg6 e4 21. Ng5 Nxf2 22. Ne6 Qc8 23. Nxd8 Nd3 24. Nf7 Nxe1 25. Nxh8 Nd3 26. Nf7 f4 27. Nxe4 Qe8 28. Rd1 1-0

[Event "*** Titled Tuesday Blitz"]
[Site "Chess.com"]
[Date "2020.11.03"]
[Round "7"]
[White "ajdemipopushi"]
[Black "Deepweb2020"]
[Result "0-1"]
[WhiteElo "2362"]
[BlackElo "2261"]
[TimeControl "180+1"]
[EndTime "11:20:38 PST"]
[Termination "Deepweb2020 won on time"]

1. Nf3 Nf6 2. g3 d5 3. c4 e6 4. Bg2 Be7 5. O-O O-O 6. d4 b6 7. Nc3 c6 8. Ne5 a5 9. Qc2 Bb7 10. e4 Na6 11. a3 Rc8 12. Rd1 Nd7 13. Nxd7 Qxd7 14. Qe2 dxc4 15. Qxc4 Nc7 16. Qb3 b5 17. Bf4 Na8 18. Rac1 a4 19. Qc2 Nb6 20. h4 Rfd8 21. Qe2 Qe8 22. Qg4 Nc4 23. Rc2 g6 24. h5 f5 25. Qe2 Qf7 26. hxg6 hxg6 27. Bc1 Rd7 28. Nxa4 Rcd8 0-1

[Event "*** Titled Tuesday Blitz"]
[Site "Chess.com"]
[Date "2020.11.03"]
[Round "7"]
[White "Witik"]
[Black "kleopl"]
[Result "0-1"]
[WhiteElo "2608"]
[BlackElo "2450"]
[TimeControl "180+1"]
[EndTime "11:20:41 PST"]
[Termination "kleopl won on time"]

1. e4 c6 2. d4 d5 3. e5 c5 4. Nf3 Nc6 5. c4 cxd4 6. Nxd4 Nxd4 7. Qxd4 e6 8. Nc3 Bb4 9. cxd5 Bxc3+ 10. Qxc3 Qxd5 11.
Bg5 h6 12. Rd1 Qe4+ 13. Be3 Ne7 14. Bb5+ Nc6 15. Qc5 Qxg2 16. Ke2 Bd7 17. Rxd7 Kxd7 18. Rd1+ Kc8 19. Rd6 Kc7 20. Rxc6+ bxc6 21. Qe7+ Kb8 22. Qd6+ Kb7 23. Qd7+ Kb8 24. Ba6 Qg4+ 25. f3 Qb4 26.
Bc5 Qxb2+ 27. Kd3 Qb1+ 28. Kc3 Qc1+ 29. Kb3 Qb1+ 30. Ka3 Qc1+ 31. Ka4 Qc2+ 32. Ka3 Qxc5+ 33. Kb3 Qb6+ 0-1

[Event "*** Titled Tuesday Blitz"]
[Site "Chess.com"]
[Date "2020.11.03"]
[Round "7"]
[White "BJthechessgod"]
[Black "karwowskikacper"]
[Result "1-0"]
[WhiteElo "2317"]
[BlackElo "2456"]
[TimeControl "180+1"]
[EndTime "11:20:41 PST"]
[Termination "BJthechessgod won on time"]

1. e4 c5 2. Nf3 Nc6 3. d4 cxd4 4. Nxd4 g6 5. Nc3 Bg7 6. Be3 Nf6 7. Bc4 O-O 8. Bb3 d6 9. f3 a5 10. Qd2 Bd7 11. g4 Nxd4 12. Bxd4 a4 13. Bc4 Qa5 14. h4 b5 15. Be2 b4 16. Nd1 e5 17. Be3 Rfd8 18. h5 d5 19. Bh6 dxe4 20. Bxg7 Kxg7 21.
hxg6 fxg6 22. Qh6+ Kf7 23. g5 exf3 24. gxf6 fxe2 25.
Qxh7+ Kxf6 26. Ne3 b3+ 27. c3 Rh8 28. Qxd7 Rxh1+ 29. Kxe2 Qa6+ 30. c4 Rxa1 31. Nd5+ Kg5 32. Qe7+ Kh6 33. Qh4+ Kg7 34. Qe7+ Kh8 35. Qxe5+ Kh7 36.
Nf6+ Kh6 37. Ng4+ Kh7 38. Qe7+ Kh8 39. Ne5 1-0

[Event "*** Titled Tuesday Blitz"]
[Site "Chess.com"]
[Date "2020.11.03"]
[Round "7"]
[White "amintabatabaei"]
[Black "Kildepiotr"]
[Result "0-1"]
[WhiteElo "2930"]
[BlackElo "2666"]
[TimeControl "180+1"]
[EndTime "11:20:42 PST"]
[Termination "Kildepiotr won by checkmate"]

1. a4 e5 2. e4 Nf6 3. Nc3 Bc5 4.
Bc4 O-O 5. Nf3 d6 6. O-O Be6 7. Bxe6 fxe6 8. d3 a6 9. Ne2 Qe8 10. Ng3 Nc6 11. c3 Ba7 12. b4 Ne7 13. d4 exd4 14.
cxd4 Ng6 15. Re1 e5 16. Be3 Ng4 17. Nf5 Nxe3 18. fxe3 Ne7 19. Qb3+ Kh8 20. Rac1 Nxf5 21. exf5 c6 22. g4 Qe7 23. dxe5 dxe5 24. Kg2 e4 25. Nd2 Rad8 26. Rcd1 Rd3 27. Qc2 Rfd8 28. Nf1 Qxb4 29. Rb1 Qe7 30. Qb2 Qg5 31. h3 Bxe3 32. Qxb7 Qf4 33. Rb2 Qf3+ 34. Kh2 Bf2 35. Ree2 Qxh3# 0-1

[Event "*** Titled Tuesday Blitz"]
[Site "Chess.com"]
[Date "2020.11.03"]
[Round "7"]
[White "Tomekas1"]
[Black "sopo-tereladze"]
[Result "0-1"]
[WhiteElo "2455"]
[BlackElo "2327"]
[TimeControl "180+1"]
[EndTime "11:20:43 PST"]
[Termination "sopo-tereladze won by resignation"]

1. e4 e5 2. Nf3 Nc6 3. Bc4 Nf6 4. Ng5 d5 5. exd5 Na5 6. Bb5+ c6 7. dxc6 bxc6 8.
Qf3 Bb7 9. Ba4 h6 10. Ne4 Nxe4 11. Qxe4 Bd6 12. b4 O-O 13. bxa5 f5 14. Qc4+ Kh8 15.
a6 Bc8 16. Ba3 Rb8 17. Bxd6 Qxd6 18. Nc3 c5 19. Qd5 Qg6 20. O-O Bxa6 21. d3 Bb7 22. Rfe1 Bxd5 23. Nxd5 e4 24. Bb3 exd3 25. cxd3 f4 26.
Re4 f3 27. g3 Qf5 28. Ne3 Qd7 29. Bc4 Rb2 30. a4 Re2 31. Nd5 Qh3 0-1

[Event "*** Titled Tuesday Blitz"]
[Site "Chess.com"]
[Date "2020.11.03"]
[Round "7"]
[White "sboshaon21"]
[Black "Mbneu"]
[Result "0-1"]
[WhiteElo "2020"]
[BlackElo "2210"]
[TimeControl "180+1"]
[EndTime "11:20:43 PST"]
[Termination "Mbneu won on time"]

1. d4 Nf6 2. c4 c5 3. d5 e6 4. Nc3 exd5 5. cxd5 d6 6. e4 g6 7. Nf3 Bg7 8. h3 O-O 9. Be2 Re8 10. Nd2 a6 11. a4 Qc7 12. O-O Nbd7 13. Qc2 c4 14. Bxc4 Nc5 15. Bd3 Nfd7 16. Nc4 Nxd3 17. Qxd3 Nc5 18.
Qc2 Nxe4 19. Nxe4 Bf5 20. Re1 Rac8 21. Bf4 Bxe4 22. Rxe4 Rxe4 23. Qxe4 Qxc4 24. Qxc4 Rxc4 25. Bxd6 Bxb2 26. Rb1 Rc1+ 27. Rxc1 Bxc1 28. Be7 f5 29. d6 Kf7 30. Kf1 Ba3 31. Ke2 Ke6 32. Bf8 Bxd6 33. Bh6 b5 34. axb5 axb5 35. Kd3 Be5 36. Bd2 Kd5 37. Bb4 Bd4 38. f3 Bc5 39. Bc3 Bd6 40. Bb2 Be5 41. Ba3 Bd6 42. Bb2 b4 0-1

[Event "*** Titled Tuesday Blitz"]
[Site "Chess.com"]
[Date "2020.11.03"]
[Round "7"]
[White "Sanan_Sjugirov"]
[Black "mishanick"]
[Result "0-1"]
[WhiteElo "2843"]
[BlackElo "3024"]
[TimeControl "180+1"]
[EndTime "11:20:44 PST"]
[Termination "mishanick won on time"]

1. c4 e5 2. d3 Nf6 3. Nf3 Nc6 4. Nc3 d5 5. cxd5 Nxd5 6. g3 Nb6 7. Bg2 Be7 8. O-O O-O 9. Be3 Be6 10. Rc1 Qd7 11. a3 Bh3 12. Bxh3 Qxh3 13. Ne4 Nd5 14. Bc5 Qd7 15. Bxe7 Ndxe7 16. Nc5 Qc8 17. Qa4 Rb8 18. b4 a6 19. Rc2 Kh8 20. Rfc1 Qe8 21. Qb3 Nf5 22.
e3 Nfe7 23. a4 Qd8 24. b5 axb5 25. axb5 b6 26. Na6 Na5 27. Qb2 Rc8 28. Nxe5 f6 29.
Nc4 Nxc4 30. dxc4 c6 31. Rd2 Qe8 32. Rcd1 Ng6 33. Rd4 Ne5 34. Kg2 Qh5 35. Nb4 Qf3+ 36. Kg1 Nxc4 37. Qc2 cxb5 38. Qe4 Ne5 39. Nd3 Qxd1+ 0-1

[Event "*** Titled Tuesday Blitz"]
[Site "Chess.com"]
[Date "2020.11.03"]
[Round "7"]
[White "rynos0411"]
[Black "pavelalexandru07"]
[Result "0-1"]
[WhiteElo "2470"]
[BlackElo "2328"]
[TimeControl "180+1"]
[EndTime "11:20:44 PST"]
[Termination "pavelalexandru07 won by checkmate"]

1. d4 Nf6 2. c4 c5 3. d5 e6 4. Nc3 exd5 5. cxd5 d6 6. Nf3 g6 7.
Bf4 Bg7 8. Qa4+ Bd7 9. Qb3 b5 10.
Bxd6 Qb6 11. Be5 O-O 12. e3 c4 13. Qd1 Rc8 14. Bd4 Qa5 15. Be2 Na6 16. O-O b4 17. Nb1 Bb5 18. a3 Qd8 19. axb4 Nxb4 20. Nc3 a6 21. e4 Qe7 22. Re1 Nd7 23. Bxg7 Kxg7 24. Qd4+ Kg8 25. Rac1 Nc5 26. Rcd1 Nc2 27. Qd2 Nxe1 28.
Rxe1 Nxe4 29. Qe3 Re8 30. Bf1 f5 31. Nd4 Qd7 32. Ne6 Nxc3 33. Qxc3 Re7 34. Bxc4 Rc8 35. Bxb5 axb5 36. Qf6 Rce8 37. Re5 Qd6 38. Rxf5 Rxe6 39.
Qf7+ Kh8 40. dxe6 Qd1# 0-1

[Event "*** Titled Tuesday Blitz"]
[Site "Chess.com"]
[Date "2020.11.03"]
[Round "7"]
[White "kreonx"]
[Black "Orest_Vovk"]
[Result "0-1"]
[WhiteElo "2293"]
[BlackElo "2445"]
[TimeControl "180+1"]
[EndTime "11:20:44 PST"]
[Termination "Orest_Vovk won by checkmate"]

1. e4 g5 2. d4 g4 3. Nc3 Bg7 4. Be3 h5 5. h3 c5 6. hxg4 cxd4 7. Bxd4 Bxd4 8. Qxd4 Nf6 9. gxh5 Nc6 10. Qd2 d6 11. Be2 Be6 12. O-O-O Qa5 13. a3 Rc8 14. f3 Rxh5 15. Rxh5 Qxh5 16. f4 Bg4 17. Nf3 a6 18. Qd3 Qc5 19. Nd5 Nxd5 20. exd5 Bxf3 21. Bxf3 Nd4 22. c3 Nb5 23. Qh7 Nxc3 24. Qg8+ Kd7 25.
Bg4+ e6 26. Bxe6+ fxe6 27. Qxe6+ Kc7 28. bxc3 Qxc3+ 29. Kb1 Qb3+ 30. Kc1 Kb8+ 31. Kd2 Rc2+ 32. Ke1 Qg3+ 33. Kf1 Qxg2+ 34. Ke1 Qg1# 0-1

[Event "*** Titled Tuesday Blitz"]
[Site "Chess.com"]
[Date "2020.11.03"]
[Round "7"]
[White "chenxiaoyuer"]
[Black "IwkooO"]
[Result "0-1"]
[WhiteElo "2497"]
[BlackElo "2645"]
[TimeControl "180+1"]
[EndTime "11:20:45 PST"]
[Termination "IwkooO won on time"]

1. e4 c5 2. Nf3 e6 3. d4 cxd4 4. Nxd4 Nc6 5. Nc3 a6 6. Be2 d6 7. O-O Nf6 8. a4 Be7 9. Be3 O-O 10. f4 Qc7 11. Kh1 Na5 12. Bf3 Rd8 13. Qe2 Rb8 14.
Bf2 Bd7 15. e5 dxe5 16. fxe5 Ne8 17. Bg3 Bc5 18. Nb3 Nxb3 19. cxb3 Bc6 20. Ne4 Bd4 21. Ng5 Rd7 22. Bxc6 bxc6 23. Qh5 h6 24. Ne4 Rd5 25. Nf6+ Nxf6 26. Rxf6 gxf6 27. Qg4+ Kf8 28. exf6 Rg5 29. Qxd4 Qd8 30. Qc4 Rc8 0-1

[Event "*** Titled Tuesday Blitz"]
[Site "Chess.com"]
[Date "2020.11.03"]
[Round "7"]
[White "albi1999"]
[Black "Dr-Bassem"]
[Result "0-1"]
[WhiteElo "2575"]
[BlackElo "2805"]
[TimeControl "180+1"]
[EndTime "11:20:46 PST"]
[Termination "Dr-Bassem won by resignation"]

1. d4 e6 2. c4 f5 3. Nf3 Nf6 4. Nc3 Bb4 5. Bd2 O-O 6. g3 Be7 7. Bg2 d6 8. O-O Qe8 9. e3 Nbd7 10. Re1 e5 11. e4 fxe4 12. Nxe4 Nxe4 13. Rxe4 Nf6 14. Re1 Bg4 15. h3 Bh5 16. g4 Nxg4 17.
hxg4 Bxg4 18. Qb3 Qf7 19. dxe5 Bxf3 20. Qxf3 Qxf3 21. Bxf3 Rxf3 22. exd6 Bxd6 23. Kg2 Raf8 24. Be3 R3f5 25. Rad1 b6 26. b3 R8f6 27. Rd3 Rg6+ 28. Kf1 h5 29. Ke2 Kf7 30. Rh1 Rg4 31. Rh3 h4 32. Bd2 Re4+ 33. Kf1 g5 34. f3 Bg3 35. Bxg5 Re1+ 36. Kg2 Rxg5 0-1